AoeStats
← ✪Gạo trắng

Black Forest

508904369Analyzed
4v4 RM · 8d ago on Sep 24, 2026· 23m 30s· 8 players
Game mode
Random Map
Map size
Large (8 player)
Population
200
Speed
Normal
Resources
Standard
Victory
Conquest
Starting age
Dark Age
Ending age
Imperial Age
RankedLock teamsTeams togetherTeam positionsShared explorationLock speedFull tech treeHidden civsTurbo modeCheats
Victory
Defeat
🇨🇴 Malay · Colombia
1133
+17
🇺🇸 Khmer · United States
1119
+18
🇫🇮 Danes · Finland
1112
+18
🇫🇮 Saxons · Finland
1111
+18
🇩🇪 Wu · Germany
1177
-19
🇹🇼 Burgundians · Taiwan
1156
-18
🇩🇪 Jurchens · Germany
1141
-17
🇻🇳 Turks · Vietnam
1139
-17
Saul carvajal 9
1:11 Loom
11:24 Feudal Age
17:10 Castle Age
16:01 Double-Bit Axe
17:03 Horse Collar
TFS|Nappa
10:20 Feudal Age
14:02 Castle Age
14:12 Double-Bit Axe
15:31 Bow Saw
15:38 Arson
19:47 Horse Collar
21:30 Arson
Wickerman313
11:08 Feudal Age
16:43 Castle Age
14:48 Double-Bit Axe
16:41 Loom
16:51 Stone Mining
16:44 Horse Collar
17:21 Loom
17:25 Town Watch
18:44 Fletching
19:29 Bow Saw
22:48 Bodkin Arrow
[GNMCY]Glomgore
11:06 Feudal Age
9:35 Loom
12:04 Feudal Age
14:46 Castle Age
12:40 Double-Bit Axe
12:37 Horse Collar
16:14 Bow Saw
17:28 Heavy Plow
23:24 Husbandry
23:48 Gold Mining
✪Gạo trắng
0:51 Loom
10:55 Feudal Age
17:35 Castle Age
15:23 Double-Bit Axe
18:34 Horse Collar
20:16 Wheelbarrow
asd40130069
5:37 Double-Bit Axe
10:15 Feudal Age
14:41 Castle Age
13:43 Bow Saw
18:27 Wheelbarrow
19:36 Horse Collar
20:41 Heavy Plow
ALIENSDIABLO
4:16 Loom
10:37 Feudal Age
15:30 Castle Age
14:27 Padded Archer Armor
15:17 Gold Mining
15:13 Horse Collar
17:08 Double-Bit Axe
PezMaza
0:48 Loom
11:12 Feudal Age
19:02 Castle Age
18:30 Horse Collar
18:38 Double-Bit Axe
Connection lost

Rejoining the realm…

Still unreachable

The connection could not be restored.

Session expired

The server has moved on; the page needs a fresh start.